Unix NetHack Version 3.7.0-90 Work-in-progress - last build Dec 4 2023 15:25:40 (a4ad6ea61a8c493010e15c9251bbb19a34919cb7,branch:master). Game began 2023-12-11 08:33:57, ended 2023-12-11 09:09:34. elenmirie, neutral female human Priestess ------------ ...........| ----- |..........| ...>.## #...........| |...|### #---------.-- -------- |...+#s ## # |(((.(.| ----------- # |...|#### # # |.(((..| |......`..| #####...)| ##### ### # |m((.?@-## |..........##### |...| # -----------## # |(((((.| (###|.........| 0 ----- # |......<..|## # |(..(..| #-....@..... ####|........^-######### # |((((((| |.........| #|..[.n..).|# #---|--.- -------- ----------- #.......^..-# |s..`..| |.........|# |n.....| -----------# |......| ############### +......| |......| -------- Elenmirie the Acolyte St:13 Dx:13 Co:12 In:8 Wi:18 Ch:11 Neutral Dlvl:6 $:0 HP:0(33) Pw:46(46) AC:4 Xp:4/112 T:2683 Blind Latest messages: You hear a scream, "Thief!" You hear a scream, "Thief!" You materialize in a different location! You hear a nearby zap. The wand hits you! Are you sure you want to pray? [yn] (n) y You begin praying to Raijin. You hear a nearby zap. The water nymph vanishes and reappears farther away. Yawolloh starts to attack you, but pulls back. Yawolloh starts to attack you, but pulls back. Yawolloh starts to attack you, but pulls back. Yawolloh starts to attack you, but pulls back. Yawolloh starts to attack you, but pulls back. Yawolloh starts to attack you, but pulls back. You finish your prayer. You feel that Raijin is pleased. You feel much better. You stop. Coco is in the way! You hear a nearby zap. The wand misses you. The wand hits Coco! You have a sad feeling for a moment, then it passes. You hear a nearby zap. The wand misses you. You hear a nearby zap. The wand misses you. You hear a nearby zap. The wand hits you! What do you want to use or apply? [twxKLNP or ?*] w $ - 39 gold pieces. You hear a nearby zap. The wand misses you. You hear a nearby zap. The wand hits you! Yawolloh is not near enough to receive your payment. What do you want to zap? [t or ?*] t In what direction? h You hear a nearby zap. The wand misses you. What do you want to zap? [t or ?*] t In what direction? h Yawolloh hits! You die... Yawolloh takes all your possessions. Do you want to see what you had when you died? [ynq] (y) y Do you want to see your attributes? [ynq] (y) y Do you want an account of creatures vanquished? [ynaq] (y) y Do you want to see your conduct and achievements? [ynq] (y) y Do you want to see the dungeon overview? [ynq] (y) y Inventory: Weapons y - 3 uncursed +0 darts p - an uncursed +0 silver spear a - a blessed +1 mace (weapon in right hand) Armor c - an uncursed +0 small shield (being worn) b - a blessed +0 robe (being worn) J - an uncursed +0 studded leather armor (being worn) Comestibles e - an uncursed clove of garlic f - an uncursed sprig of wolfsbane Wands t - an uncursed wand of polymorph (0:3) Tools w - an uncursed bag of holding containing 12 items L - an uncursed magic lamp N - an uncursed magic whistle K - an uncursed skeleton key P - an uncursed stethoscope x - an uncursed towel (being worn) Contents of the bag of holding: 3 uncursed scrolls of blank paper a cursed scroll of confuse monster an uncursed scroll of enchant weapon an uncursed scroll of genocide an uncursed spellbook of charm monster an uncursed spellbook of confuse monster an uncursed spellbook of force bolt an uncursed spellbook of identify an uncursed spellbook of light an uncursed potion of extra healing an uncursed potion of monster detection 4 potions of holy water Elenmirie the Priestess's attributes: Background: You were an Acolyte, a level 4 human Priestess. You were neutral, on a mission for Raijin who was opposed by Amaterasu Omikami (lawful) and Susanowo (chaotic). You were right-handed. You were in the Dungeons of Doom, on level 6. You entered the dungeon 2683 turns ago. There was a new moon in effect when your adventure ended. You had 112 experience points, 48 more were needed to attain level 5. Basics: You had 0 out of 33 hit points. You had all 46 energy points (spell power). Your armor class was 4. Your wallet was empty. Autopickup was on for '$' plus thrown. Final Characteristics: Your strength was 13 (limit:18/100). Your dexterity was 13 (limit:18). Your constitution was 12 (limit:18). Your intelligence was 8 (limit:18). Your wisdom was 18 (limit:18). Your charisma was 11 (limit:18). Final Status: You were deliberately blind. You weren't hungry. You were unencumbered. You were wielding a mace. You had basic skill with mace. Final Attributes: You were stridently aligned. You were telepathic. You were guarded. You are dead. Miscellaneous: You never encountered a bones level. Total elapsed playing time was 35 minutes and 37 seconds. Major events: Turn 1: elenmirie the neutral human Priestess entered the dungeon 647: entered the Gnomish Mines 1814: attained the rank of Acolyte (level 3) 2683: killed by Mr. Yawolloh; the shopkeeper Vanquished creatures: a housecat a rock mole 2 shriekers a gray ooze a paper golem a floating eye a dwarf a rothe a rabid rat a centipede a giant bat 2 iguanas a gas spore 2 hobgoblins 3 giant rats 2 brown molds a yellow mold 2 geckos 4 jackals a fox 2 sewer rats 8 grid bugs 2 lichens a kobold zombie 6 newts 49 creatures vanquished. No species were genocided or became extinct. Voluntary challenges: You were illiterate. You never engraved Elbereth. You never genocided any monsters. You never polymorphed an object. You never changed form. You used no wishes. Achievements: You entered the Gnomish Mines. You entered a shop. You attained the rank of Acolyte. The Dungeons of Doom: levels 1 to 6 Level 1: A fountain, a grave. Level 2: Stairs down to The Gnomish Mines. Level 3: A fountain, a grave. Level 4: An armor shop, a fountain. Level 5: An altar to Raijin. Level 6: <- You were here. A shop. Final resting place for you, killed by Mr. Yawolloh; the shopkeeper. The Gnomish Mines: Level 3: Game over: ---------- / \ / REST \ / IN \ / PEACE \ / \ | elenmirie | | 0 Au | | killed by Mr. | | Yawolloh; the | | shopkeeper | | | | 2023 | *| * * * | * _________)/\\_//(\/(/\)/\//\/|_)_______ Goodbye elenmirie the Priestess... You died in The Dungeons of Doom on dungeon level 6 with 708 points, and 0 pieces of gold, after 2683 moves. You were level 4 with a maximum of 33 hit points when you died.